 Dungeon Crawl Stone Soup version 0.28.0-53-g5a82cb258f (webtiles) character file.

Game seed: 13184510945138100987

10257 sanboga the Cleaver (level 11, -12/145 HPs)
             Began as a Minotaur Berserker on June 11, 2022.
             Was an Elder of Trog.
             Killed from afar by a deep elf knight (28 damage)
             ... with a shard of ice
             ... on level 12 of the Dungeon.
             The game lasted 00:12:20 (11886 turns).

sanboga the Cleaver (Minotaur Berserker)           Turns: 11886, Time: 00:12:21

Health: -12/145    AC: 19    Str: 26    XL:     11   Next: 33%
Magic:  19/19      EV: 10    Int:  4    God:    Trog [****..]
Gold:   519        SH:  0    Dex: 10    Spells: 10/10 levels left

rFire   . . .      SeeInvis .   a - +0 battleaxe
rCold   . . .      Faith    .   (shield currently unavailable)
rNeg    . . .      Spirit   .   k - +0 plate armour
rPois   .          Reflect  .   (helmet restricted)
rElec   .          Harm     .   l - +0 cloak
rCorr   .          Rampage  .   b - +1 pair of gloves
Will    .....                   s - +0 pair of boots
Stlth   ..........              (no amulet)
HPRegen 0.34/turn               c - ring of magical power
MPRegen 0.16/turn               (no ring)

@: berserking (expiring), very quick
A: horns 2, retaliatory headbutt
a: Renounce Religion, Berserk, Trog's Hand, Brothers in Arms


You were on level 12 of the Dungeon.
You worshipped Trog.
Trog was greatly pleased with you.
You visited 1 branch of the dungeon, and saw 11 of its levels.

You collected 519 gold pieces.

Inventory:

Hand Weapons
 a - a +0 battleaxe (weapon)
Armour
 b - a +1 pair of gloves (worn)
 k - a +0 plate armour (worn)
 l - a +0 cloak (worn)
 s - a +0 pair of boots (worn)
Jewellery
 c - a ring of magical power (left hand)
Wands
 r - a wand of digging (15)
 t - a wand of charming (17)
 v - a wand of flame (6)
Scrolls
 f - a scroll of fear {unknown}
 g - a scroll of summoning {unknown}
 i - 4 scrolls of holy word
 m - 2 scrolls of teleportation
 n - a scroll of blinking {unknown}
 o - a scroll of noise {unknown}
 p - 5 scrolls of enchant weapon
 q - a scroll of identify
 u - a scroll of magic mapping {unknown}
Potions
 d - 2 potions of flight
 e - 4 potions of heal wounds
 h - a potion of ambrosia
 j - 5 potions of curing
 w - 2 potions of might {unknown}


   Skills:
 + Level 9.6 Fighting
 * Level 12.9 Axes
 + Level 9.1 Armour
 + Level 8.2 Dodging
 + Level 7.9 Unarmed Combat


You had 10 spell levels left.
You didn't know any spells.
Your spell library was empty.

Dungeon Overview and Level Annotations

Branches:
Dungeon (12/15)            Temple (0/1) D:5
   Lair: D:8-11         Orc: D:9-12

Altars:
Cheibriados
Dithmenos
Elyvilon
Fedhas
Hepliaklqana
Makhleb
Nemelex Xobeh
Okawaru
Ru
Sif Muna
Wu Jian
Xom

Shops:
D:4 *


Innate Abilities, Weirdness & Mutations

You have a pair of horns on your head.
You reflexively headbutt those who attack you in melee.


Message History

Found a stone staircase leading up.
The deep elf knight points at you and mumbles some strange words.
The shard of ice hits you!!
There is an open door here.
There is a stone staircase leading up here.
A red film seems to cover your vision as you go berserk!
You feel yourself moving faster!
You feel mighty!
The deep elf knight hits you with a +0 short sword!
You hit the deep elf knight.
The deep elf knight is lightly wounded.
The deep elf knight mumbles some strange words.
The deep elf knight flickers and vanishes!
Deactivating autopickup; reactivate with Ctrl-A.
Something blocks your attack.
Your headbutt misses something. Something hits you!
You miss something. Something hits you but does no damage.
You miss something. Something blocks your attack.
Your headbutt misses something.
You hear some strange, mumbled words.
You miss something. Your headbutt misses something.
Something hits you but does no damage.
You hit something. Your headbutt misses something. Something hits you.
You slash something! Your headbutt misses something. Something hits you!
You miss something. Your headbutt misses something. Something hits you.
You miss something. Your headbutt misses something.
You hear some strange, mumbled words.
A shard of ice appears from out of thin air!
The shard of ice hits you!!
* * * LOW HITPOINT WARNING * * *
You barely miss something. Something hits you.
* * * LOW HITPOINT WARNING * * *
You miss something. Your headbutt misses something.
You hear some strange, mumbled words.
A shard of ice appears from out of thin air!
The shard of ice hits you!!
* * * LOW HITPOINT WARNING * * *
You hear some strange, mumbled words.
A shard of ice appears from out of thin air!
The shard of ice hits you!!
You die...

........#...#...... #
........#...#..... #
........#...#....# #
........#...#....# #
........#...##...# #
........#...##...# #
........'........#
........#........#
...?...@#........#
......{.#........######
........#.............#
........#........รท....#
........#.............#
........######..###...#
######... #..####'###
#... #...#(......
#...#.......


There were no monsters in sight!

Vanquished Creatures
  A two-headed ogre (D:12)
  Pikel (D:8)
  An ugly thing (D:12)
  3 gargoyles (D:12)
  2 trolls
  A hornet (D:5)
  9 slime creatures (D:12)
  Sigmund (D:3)
  2 wraiths
  2 shadows (D:12)
  2 wyverns
  4 yaks (D:8)
  A steam dragon (D:5)
  2 water moccasins
  An orc warrior (D:6)
  Pargi (D:3)
  An ice beast (D:6)
  A sky beast (D:6)
  3 black bears
  2 necrophages (D:6)
  3 ogres
  4 centaurs
  2 phantoms
  2 kobold brigands
  A bullfrog (D:9)
  A wyvern zombie (D:6)
  3 scorpions (D:5)
  A water moccasin skeleton (D:7)
  9 wights (D:9)
  2 lava snakes (D:9)
  2 bullfrog zombies
  8 orc priests
  4 hounds
  A jelly (D:7)
  3 gnoll shamans
  Crazy Yiuf (D:3)
  Jessica (D:2)
  4 iguanas
  8 orc wizards
  Natasha (thrice) (D:2)
  A hound skeleton (D:6)
  A howler monkey zombie (D:5)
  15 gnolls
  3 adders
  A howler monkey skeleton (D:5)
  An ufetubus (D:5)
  2 worms
  3 dart slugs
  31 orcs
  4 ball pythons
  2 endoplasms
  3 giant cockroaches
  5 goblins
  2 hobgoblins
  3 jackals (D:3)
  2 quokkas
  5 bats
  A frilled lizard (D:2)
  18 kobolds
  8 rats
215 creatures vanquished.

Vanquished Creatures (others)
  A plant (D:5)
1 creature vanquished.

Grand Total: 216 creatures vanquished

Notes
Turn   | Place    | Note
-------+----------+-------------------------------------------
     0 | D:1      | sanboga the Minotaur Berserker began the quest for the Orb.
     0 | D:1      | Reached XP level 1. HP: 19/19 MP: 0/0
   593 | D:1      | Reached XP level 2. HP: 26/27 MP: 1/1
   645 | D:1      | Reached skill level 4 in Axes
   934 | D:2      | Reached XP level 3. HP: 25/33 MP: 2/2
  1122 | D:2      | Found a faded altar of an unknown god.
  1167 | D:2      | Reached ** piety under Trog
  1361 | D:2      | Noticed Jessica
  1370 | D:2      | Killed Jessica
  1371 | D:2      | Reached skill level 1 in Unarmed Combat
  1625 | D:2      | Reached XP level 4. HP: 15/40 MP: 3/3
  1819 | D:2      | Found an iron altar of Okawaru.
  1864 | D:2      | Noticed Natasha
  1871 | D:2      | Killed Natasha
  2060 | D:2      | Noticed Natasha
  2065 | D:2      | Killed Natasha
  2066 | D:2      | Reached skill level 5 in Axes
  2218 | D:2      | Noticed Natasha
  2231 | D:2      | Killed Natasha
  2232 | D:2      | Reached XP level 5. HP: 38/47 MP: 4/4
  2348 | D:3      | Noticed Sigmund
  2362 | D:3      | Killed Sigmund
  2363 | D:3      | Reached XP level 6. HP: 55/55 MP: 5/5
  2904 | D:3      | Noticed Pargi
  2912 | D:3      | Killed Pargi
  2913 | D:3      | Reached skill level 5 in Fighting
  2913 | D:3      | Reached skill level 6 in Axes
  3078 | D:3      | Found a runed translucent door.
  3079 | D:3      | Noticed Crazy Yiuf
  3087 | D:3      | Killed Crazy Yiuf
  3336 | D:4      | Found an ornate altar of the Wu Jian Council.
  3456 | D:4      | Found a sacrificial altar of Ru.
  3481 | D:4      | Found a white marble altar of Elyvilon.
  3494 | D:4      | Found Onupt's Mass Market.
  3533 | D:4      | Reached XP level 7. HP: 61/61 MP: 6/6
  3681 | D:4      | Found a snail-covered altar of Cheibriados.
  3752 | D:4      | Reached *** piety under Trog
  3975 | D:5      | Entered Level 5 of the Dungeon
  4365 | D:5      | Reached skill level 7 in Axes
  4692 | D:5      | Noticed a steam dragon
  4703 | D:5      | Killed a steam dragon
  4704 | D:5      | Reached skill level 5 in Armour
  4704 | D:5      | Reached XP level 8. HP: 70/70 MP: 7/7
  4801 | D:5      | Found a staircase to the Ecumenical Temple.
  4812 | D:5      | Noticed a hornet
  4819 | D:5      | Killed a hornet
  5119 | D:5      | Reached skill level 8 in Axes
  5348 | D:5      | Reached skill level 5 in Dodging
  5493 | D:5      | Found a faded altar of an unknown god.
  5493 | D:5      | Found a faded altar of an unknown god.
  5493 | D:5      | Found a faded altar of an unknown god.
  5493 | D:5      | Found a hazy altar of Hepliaklqana.
  5723 | D:5      | Found a shimmering blue altar of Sif Muna.
  5853 | D:5      | HP: 1/71 [wyvern (13)]
  5856 | D:5      | Reached skill level 9 in Axes
  6084 | D:6      | Reached XP level 9. HP: 78/78 MP: 8/8
  6086 | D:6      | Reached skill level 5 in Unarmed Combat
  6467 | D:6      | Found a burning altar of Makhleb.
  6617 | D:6      | Reached skill level 10 in Axes
  6889 | D:6      | Reached **** piety under Trog
  8147 | D:7      | Found a blossoming altar of Fedhas.
  8147 | D:7      | Found a shadowy altar of Dithmenos.
  8400 | D:8      | Noticed Pikel
  8488 | D:8      | Killed Pikel
  8489 | D:8      | Reached XP level 10. HP: 88/88 MP: 9/9
  8702 | D:8      | Reached skill level 11 in Axes
  8988 | D:8      | Found a sparkling altar of Nemelex Xobeh.
  9668 | D:9      | Found a shimmering altar of Xom.
 10295 | D:9      | You fall into a shaft and drop 3 floors!
 10349 | D:11     | Noticed a death knight
 10358 | D:11     | Noticed a phantasmal warrior
 10556 | D:12     | Reached skill level 12 in Axes
 10905 | D:12     | Noticed a gargoyle
 10915 | D:12     | Killed a gargoyle
 11048 | D:12     | Reached XP level 11. HP: 53/97 MP: 10/10
 11218 | D:12     | Noticed a two-headed ogre
 11224 | D:12     | Killed a two-headed ogre
 11611 | D:12     | Noticed a red ugly thing
 11619 | D:12     | Killed a red ugly thing
 11870 | D:12     | Noticed a deep elf knight
 11886 | D:12     | Killed from afar by a deep elf knight

Illustrated notes

Levels and vault maps discovered:
D:1:      tarquinn_simple_flora_water_d, layout_loops_corners, serial_forest,
          infiniplex_forest_lined_3_way, infiniplex_forest_corner_1,
          infiniplex_forest_lined_corner, infiniplex_forest_zigzag_2
D:2:      layout_basic, ebering_ecumenical_altar_abandoned, basic_altar,
          minmay_tetromino_i4, uniq_natasha, uniq_jessica
D:3:      layout_loops_ring, minmay_misc_feat_nine_boxes, nrook_mini_backslash,
          minmay_misc_feat_enclosed, uniq_crazy_yiuf_cottage, uniq_sigmund,
          uniq_pargi
D:4:      layout_basic, mainiacjoe_overflow_catwalk, general_overflow_altar,
          mainiacjoe_overflow_catch_the_wave, minmay_shop_mass
D:5:      layout_loops_ring, mainiacjoe_overflow_alcove_2,
          nicolae_hepliaklqana_ecumenical_no_more,
          minmay_temple_entry_statues_pillars, amcnicky_mini_pool_medium
D:6:      layout_loops_ring, makhleb_blood_cavern_becter, minmay_manual_mail
D:7:      layout_loops_ring, gammafunk_temple_overflow_statue,
          grunt_ministairs_15
D:8:      layout_gridville, mainiacjoe_overflow_boulevard, uniq_pikel
D:9:      layout_loops_ring, mainiacjoe_overflow_small_starburst,
          glass_columns_c, nicolae_lava_and_water
D:11:     layout_cross, dpeg_oklobed_lair, orc_0_dummy
D:12:     layout_gridville, chequers_serial_rivers_room_a, minivault_16,
          hellmonk_bongcloud_opening

Skill      XL: |  1  2  3  4  5  6  7  8  9 10 11 |
---------------+----------------------------------+-----
Axes           | 4 5 6 7 9 10 12 | 12.9
Fighting       | 4 5 6 8 9 |  9.6
Armour         | 3 4 5 6 7 8 9 |  9.1
Unarmed Combat | 1 2 3 4 6 7 |  7.9
Dodging        | 3 4 5 6 7 8 |  8.2

Action                   |  1- 3 |  4- 6 |  7- 9 | 10-12 || total
-------------------------+-------+-------+-------+-------++-------
Melee: Hand axe          |    63 |   100 |   273 |       ||   436
       Headbutt          |     9 |    19 |    56 |    40 ||   124
       Punch             |     1 |     1 |     3 |     2 ||     7
       War axe           |       |       |    34 |    63 ||    97
       Battleaxe         |       |       |       |   115 ||   115
Invok: Berserk           |       |     3 |     9 |     6 ||    18
  Use: Scroll            |       |       |     9 |     1 ||    10
       Potion            |       |       |     4 |       ||     4
Armor: Animal skin       |     5 |       |       |       ||     5
       Chain mail        |     7 |    56 |   128 |       ||   191
       Plate armour      |       |       |     5 |   109 ||   114
Dodge: Dodged            |    34 |    48 |   123 |    94 ||   299
